Map: Dusk Towers

Players

PrimusDeksia - Winner!

  • Race: Protoss Protoss
  • League: Master

Alchemist

  • Race: Zerg Zerg
  • League: Diamond

VOD

Have the link to the VOD?

Description

ZvP skytoss

Time

  • Played on: May 30, 2016, 9:37 p.m.
  • Length: 34:56
Show
View Real Time Build Order
Export as new Build Order

PrimusDeksia Protoss - Winner!

Build Orders: Cannon Rush 

Get SALT Encoding   

  12  0:01  Probe (Chrono Boost)  
  13  0:12  Probe (Chrono Boost)  
  14  0:18  Pylon  
  14  0:24  Probe (Chrono Boost)  
  15  0:37  Probe (Chrono Boost)  
  15  0:40  Forge  
  16  0:47  Probe (Chrono Boost)  
  17  1:01  Probe (Chrono Boost)  
  18  1:04  Pylon  
  19  1:24  Photon Cannon  
  18  1:29  Photon Cannon  
  18  1:40  Photon Cannon  
  18  1:47  Pylon  
  18  1:53  Probe (Chrono Boost)  
  18  2:04  Nexus  
  18  2:12  Gateway  
  18  2:13  Photon Cannon  
  18  2:14  Pylon  
  18  2:15  Assimilator  
  18  2:42  Probe (Chrono Boost)  
  19  2:50  Assimilator  
  19  3:00  Cybernetics Core  
  19  3:03  Probe (Chrono Boost)  
  20  3:13  Probe (Chrono Boost)  
  20  3:16  Probe (Chrono Boost)  
  22  3:24  Probe (Chrono Boost)  
  24  3:27  Probe (Chrono Boost)  
  24  3:34  Probe (Chrono Boost)  
  24  3:37  Probe (Chrono Boost)  
  24  3:38  Stargate  
  26  3:42  Assimilator  
  26  3:45  Probe (Chrono Boost)  
  27  3:50  Probe (Chrono Boost)  
  27  3:52  Stargate  
  29  3:56  Probe (Chrono Boost)  
  29  3:58  Adept  
  29  4:00  Probe (Chrono Boost)  
  32  4:06  Probe (Chrono Boost)  
  32  4:08  Photon Cannon  
  33  4:11  Probe (Chrono Boost)  
  36  4:17  Mothership Core (Chrono Boost)  
  36  4:22  Probe (Chrono Boost)  
  37  4:25  Adept  
  30  4:54  Probe (Chrono Boost)  
  29  5:16  Void Ray  
  29  5:17  Probe (Chrono Boost)  
  29  5:19  Probe (Chrono Boost)  
  35  5:24  Warp Gate  
  35  5:28  Probe (Chrono Boost)  
  36  5:36  Pylon, Probe (Chrono Boost)  
  36  5:42  Probe (Chrono Boost)  
  38  5:51  Pylon  
  38  5:56  Photon Cannon  
  38  6:15  Void Ray  
  43  6:33  Probe (Chrono Boost)  
  43  6:34  Void Ray  
  43  6:35  Pylon  
  43  6:39  Probe (Chrono Boost)  
  48  6:46  Photon Cannon  
  50  6:54  Probe x2 (Chrono Boost)  
  50  7:04  Probe (Chrono Boost)  
  51  7:18  Probe (Chrono Boost)  
  51  7:19  Fleet Beacon, Probe (Chrono Boost)  
  51  7:20  Assimilator  
  53  7:25  Oracle  
  56  7:32  Pylon  
  56  7:44  Probe (Chrono Boost)  
  57  7:45  Probe (Chrono Boost)  
  58  7:54  Probe (Chrono Boost), Robotics Facility  
  58  7:55  Probe (Chrono Boost)  
  60  8:04  Nexus  
  60  8:12  Pylon  
  60  8:18  Pylon  
  60  8:23  Adept  
  66  8:36  Photon Cannon  
  62  8:41  Phoenix x2  
  66  8:53  Pylon  
  66  8:59  Pylon  
  63  9:04  Pylon  
  63  9:06  Phoenix x2  
  67  9:16  Graviton Catapult  
  67  9:31  Phoenix x2  
  69  9:48  Probe (Chrono Boost)  
  70  9:54  Probe (Chrono Boost)  
  70  9:56  Phoenix x2  
  75  10:01  Probe (Chrono Boost)  
  75  10:04  Stargate, Photon Cannon  
  75  10:06  Mothership Core (Chrono Boost)  
  78  10:14  Photon Cannon  
  78  10:21  Phoenix x2  
  74  10:45  Probe (Chrono Boost)  
  74  10:46  Phoenix x2  
  74  10:49  Phoenix  
  81  10:51  Assimilator  
  81  10:56  Photon Cannon  
  81  10:58  Probe (Chrono Boost)  
  82  11:11  Phoenix, Tempest  
  82  11:16  Assimilator  
  87  11:26  Tempest  
  87  11:36  Tempest  
  87  11:38  Probe x2 (Chrono Boost)  
  87  11:39  Probe (Chrono Boost)  
  92  11:48  Probe (Chrono Boost)  
  92  11:50  Probe x2 (Chrono Boost)  
  92  11:54  Tempest  
  95  11:59  Probe (Chrono Boost)  
  95  12:00  Probe (Chrono Boost)  
  101  12:08  Protoss Air Weapons Level 1  
  101  12:09  Phoenix  
  101  12:13  Probe (Chrono Boost), Cybernetics Core  
  101  12:14  Probe (Chrono Boost)  
  105  12:20  Pylon  
  105  12:28  Phoenix  
  107  12:34  Phoenix  
  109  12:37  Phoenix  
  109  12:43  Probe x2 (Chrono Boost)  
  113  12:55  Nexus  
  113  12:57  Pylon  
  113  12:58  Pylon  
  113  12:59  Carrier  
  119  13:08  Carrier  
  125  13:24  Carrier  
  127  13:37  Photon Cannon  
  127  13:39  Observer  
  128  13:42  Photon Cannon  
  128  14:02  Protoss Air Weapons Level 2 (Chrono Boost)  
  128  14:04  Protoss Air Armor Level 1 (Chrono Boost)  
  128  14:08  Probe  
  128  14:10  Probe x2  
  131  14:25  Carrier  
  131  14:29  Assimilator  
  137  14:31  Assimilator  
  137  14:32  Stargate  
  137  14:33  Carrier  
  137  14:35  Probe  
  137  14:37  Probe  
  145  14:50  Carrier  
  151  15:04  Stargate  
  151  15:17  Carrier  
  157  15:32  Nexus  
  157  15:34  Pylon  
  157  15:36  Pylon  
  157  15:38  Pylon  
  157  15:40  Pylon  
  157  15:43  Observer  
  157  15:49  Carrier  
  164  15:52  Carrier  
  170  15:57  Pylon  
  170  15:59  Carrier  
  176  16:06  Assimilator  
  176  16:20  Assimilator  
  176  16:30  Photon Cannon  
  176  16:34  Carrier  
  182  16:47  Carrier  
  177  17:15  Carrier  
  167  17:17  Carrier  
  155  17:25  Carrier  
  147  17:39  Probe  
  147  17:41  Probe  
  149  17:53  Protoss Air Weapons Level 3 (Chrono Boost)  
  149  17:55  Protoss Air Armor Level 2 (Chrono Boost)  
  149  18:00  Carrier  
  155  18:09  Twilight Council  
  155  18:13  Carrier  
  155  18:15  Pylon  
  134  18:48  Carrier x2  
  146  18:59  Pylon  
  146  19:02  Mothership Core  
  148  19:11  Templar Archives  
  148  19:12  Pylon  
  148  19:17  Pylon  
  148  19:18  Pylon, Photon Cannon  
  148  19:20  Photon Cannon  
  148  19:21  Photon Cannon  
  148  19:23  Pylon  
  148  19:25  Carrier (Chrono Boost)  
  154  19:36  Carrier (Chrono Boost)  
  160  19:41  Photon Cannon  
  160  19:42  Photon Cannon  
  160  19:45  Photon Cannon  
  166  19:55  Psionic Storm  
  166  20:04  Protoss Air Armor Level 3 (Chrono Boost)  
  172  20:27  Carrier (Chrono Boost)  
  172  20:51  Carrier (Chrono Boost)  
  184  21:02  Carrier (Chrono Boost)  
  184  21:09  Nexus  
  190  21:25  Pylon x2  
  190  21:28  Assimilator  
  190  21:32  Assimilator  
  190  21:45  High Templar  
  198  21:50  Gateway  
  198  21:53  Carrier (Chrono Boost)  
  194  21:54  Gateway  
  194  21:56  Gateway  
  194  22:24  Tempest (Chrono Boost)  
  194  22:26  High Templar  
  188  22:39  Tempest (Chrono Boost)  
  192  22:51  High Templar x2  
  194  22:55  High Templar  
  198  22:59  High Templar  
  200  23:10  Photon Cannon  
  200  23:11  Photon Cannon  
  200  23:13  Photon Cannon  
  200  23:14  Photon Cannon  
  200  23:16  Pylon  
  200  23:18  Pylon, Photon Cannon  
  200  23:22  Pylon  
  182  24:05  Mothership Core  
  184  24:16  Tempest x2 (Chrono Boost)  
  194  24:22  Tempest x2 (Chrono Boost)  
  198  24:43  Tempest (Chrono Boost)  
  200  25:34  Gateway  
  200  25:38  Gateway  
  200  25:49  Nexus  
  200  25:52  Pylon  
  192  26:50  Tempest (Chrono Boost)  
  188  27:02  Tempest x2 (Chrono Boost)  
  190  27:26  Tempest (Chrono Boost)  
  194  27:35  Tempest (Chrono Boost)  
  198  27:38  Tempest (Chrono Boost)  
  198  28:03  Assimilator  
  198  28:05  Assimilator  
  187  28:16  Mothership Core  
  187  28:17  Oracle (Chrono Boost)  
  187  28:19  Tempest (Chrono Boost)  
  185  28:49  Tempest (Chrono Boost)  
  185  28:50  High Templar x2  
  185  28:51  High Templar  
  185  28:55  Tempest (Chrono Boost)  
  175  29:22  Tempest (Chrono Boost)  
  183  29:28  Tempest (Chrono Boost)  
  191  29:46  Tempest (Chrono Boost)  
  191  29:50  Tempest (Chrono Boost)  
  169  30:16  Tempest (Chrono Boost)  
  171  30:21  Tempest (Chrono Boost)  
  171  30:34  Tempest (Chrono Boost)  
  185  30:39  Tempest (Chrono Boost)  
  189  30:46  Tempest (Chrono Boost)  
  189  30:53  Tempest (Chrono Boost)  
  197  31:04  Tempest (Chrono Boost)  
  197  31:18  Nexus  
  197  31:45  Observer  
  198  32:07  Observer  
  191  32:33  Mothership Core  
  163  32:52  Carrier (Chrono Boost)  
  163  32:56  Carrier (Chrono Boost)  
  168  33:12  Carrier (Chrono Boost)  
  188  33:21  Tempest x2 (Chrono Boost)  
  188  33:28  Observer  
  141  33:54  Mothership Core  
  141  34:04  Tempest (Chrono Boost)  
Show
View Real Time Build Order
Export as new Build Order

Alchemist Zerg 

Build Orders: Hatch First 

Get SALT Encoding   

  12  0:01  Drone  
  13  0:12  Drone  
  14  0:17  Overlord  
  14  0:28  Drone, Extractor  
  17  0:35  Drone x2  
  17  0:55  Hatchery  
  16  1:00  Drone  
  16  1:01  Drone  
  18  1:10  Extractor  
  17  1:17  Spawning Pool  
  16  1:20  Drone  
  16  1:24  Drone  
  19  2:08  Zergling x6  
  19  2:09  Zergling x2  
  22  2:21  Queen  
  24  2:23  Queen  
  26  2:48  Drone x2  
  26  2:49  Overlord x3  
  28  2:56  Overlord  
  28  2:59  Metabolic Boost  
  28  3:15  Evolution Chamber  
  28  3:18  Zergling x4  
  28  3:19  Zergling x4  
  31  3:35  Drone x5  
  31  3:37  Drone  
  37  3:47  Baneling Nest  
  36  4:34  Baneling x3  
  28  5:00  Lair  
  28  5:03  Extractor  
  28  5:04  Zergling x2  
  28  5:05  Zergling x16  
  36  5:11  Extractor  
  36  5:12  Extractor  
  34  5:25  Hatchery  
  25  6:33  Drone  
  25  6:34  Drone x2  
  25  6:35  Spire  
  25  6:37  Queen, Drone x13  
  42  6:57  Extractor  
  42  6:59  Extractor  
  40  7:04  Drone x6  
  45  7:46  Mutalisk x6  
  45  7:50  Overlord x4  
  57  7:59  Drone  
  58  8:07  Zerg Flyer Weapons Level 1  
  58  8:08  Mutalisk  
  58  8:09  Mutalisk x5  
  58  8:12  Mutalisk  
  72  8:46  Mutalisk x5  
  82  8:52  Spore Crawler  
  82  8:54  Spore Crawler  
  82  8:55  Spore Crawler  
  79  9:01  Mutalisk  
  79  9:02  Mutalisk x2  
  85  9:11  Drone x5  
  88  9:45  Mutalisk  
  86  9:46  Mutalisk  
  82  10:00  Drone x8  
  90  10:08  Zerg Melee Weapons Level 1  
  90  10:11  Zerg Flyer Armor Level 1  
  90  10:12  Evolution Chamber  
  90  10:14  Overseer  
  89  10:20  Hatchery  
  78  10:46  Mutalisk x3  
  78  10:47  Mutalisk x3  
  90  10:57  Infestation Pit  
  90  10:59  Drone  
  90  11:00  Overlord x2  
  90  11:01  Overlord x3  
  78  11:43  Pathogen Glands  
  62  11:53  Drone x3  
  62  11:54  Drone x2  
  67  11:57  Burrow  
  67  12:04  Drone x14  
  67  12:05  Drone  
  82  12:19  Zerg Ground Armor Level 1  
  82  12:20  Zerg Melee Weapons Level 2  
  82  12:23  Hatchery  
  82  12:29  Hydralisk Den  
  80  12:32  Infestor x5  
  80  12:33  Infestor x4  
  98  12:44  Extractor x2  
  98  12:45  Spore Crawler, Queen  
  98  12:46  Spore Crawler  
  90  13:42  Muscular Augments  
  90  13:47  Hydralisk  
  90  13:48  Hydralisk x16  
  92  13:49  Hydralisk  
  126  14:22  Overlord x4  
  126  14:23  Overlord x3  
  126  14:24  Zerg Missile Weapons Level 1  
  126  14:35  Zerg Ground Armor Level 2  
  126  14:44  Drone x4  
  126  14:45  Drone x4  
  134  14:49  Hydralisk x6  
  134  14:50  Hydralisk x15  
  176  14:58  Hive  
  176  15:27  Hydralisk x3  
  182  15:31  Overseer x2  
  182  15:33  Overlord x2  
  182  15:34  Overlord x5  
  182  15:46  Overlord x4  
  182  16:08  Infestor x2  
  114  17:19  Hydralisk x3  
  114  17:20  Hydralisk x18  
  114  17:21  Hydralisk x17  
  154  17:46  Hydralisk x11  
  176  18:02  Hydralisk x3  
  176  18:03  Hydralisk x3  
  188  18:09  Extractor  
  188  18:10  Queen  
  189  18:13  Extractor  
  104  18:44  Hydralisk x6  
  104  18:45  Hydralisk x12  
  132  18:58  Viper x3  
  141  19:19  Hydralisk x2  
  141  19:20  Hydralisk x5  
  155  19:25  Hatchery  
  154  19:32  Hatchery  
  153  19:51  Hydralisk  
  153  19:52  Hydralisk x9  
  173  20:15  Extractor  
  173  20:18  Extractor  
  171  20:28  Viper x2  
  177  21:09  Extractor  
  176  21:13  Extractor  
  175  21:44  Overseer  
  175  21:45  Overseer  
  175  21:51  Spore Crawler  
  175  21:52  Spore Crawler x2  
  175  21:53  Spore Crawler  
  171  21:55  Spore Crawler  
  171  21:56  Spore Crawler  
  171  21:57  Spore Crawler x2  
  171  21:58  Spore Crawler x2  
  165  22:13  Drone x6  
  165  22:14  Drone x5  
  176  22:19  Drone x3  
  176  22:20  Spore Crawler x2, Drone x7  
  176  22:21  Spore Crawler x2, Drone  
  176  22:22  Spore Crawler, Drone x3  
  185  22:48  Hydralisk x7  
  199  23:15  Spore Crawler x4  
  199  23:16  Spore Crawler  
  199  23:17  Spore Crawler  
  102  23:58  Hydralisk  
  102  23:59  Hydralisk x10  
  102  24:00  Hydralisk x23  
  102  24:01  Hydralisk x4  
  178  24:24  Drone x13  
  191  24:36  Drone x4  
  195  24:43  Spore Crawler x2  
  195  24:44  Spore Crawler x2  
  195  24:45  Spore Crawler x2  
  190  24:46  Spore Crawler  
  190  24:48  Viper  
  190  24:49  Viper x3  
  200  25:32  Spore Crawler  
  200  25:34  Spore Crawler  
  198  25:37  Spore Crawler  
  198  25:38  Spore Crawler  
  198  25:39  Spore Crawler  
  198  25:40  Spore Crawler  
  198  25:42  Spore Crawler  
  193  25:44  Zerg Missile Weapons Level 2  
  193  25:45  Zerg Ground Armor Level 3  
  177  27:27  Spore Crawler  
  177  27:29  Evolution Chamber  
  175  27:31  Evolution Chamber  
  175  27:32  Evolution Chamber x2  
  175  27:34  Evolution Chamber  
  175  27:35  Evolution Chamber  
  175  27:36  Viper x5  
  176  28:18  Hydralisk  
  176  28:19  Hydralisk x11  
  191  28:47  Hydralisk  
  191  28:48  Hydralisk x10  
  166  29:22  Hydralisk x7  
  166  29:23  Hydralisk x12  
  200  29:28  Zerg Missile Weapons Level 3  
  200  29:46  Spore Crawler  
  200  29:47  Spore Crawler  
  145  30:24  Spore Crawler x2  
  145  30:26  Spore Crawler  
  145  30:27  Viper x5  
  145  30:28  Viper x4  
  160  30:31  Hydralisk x10  
  160  30:32  Hydralisk x5  
  199  31:19  Overseer  
  199  31:23  Overseer x2  
  199  31:34  Zerg Melee Weapons Level 3  
  199  31:35  Adrenal Glands  
  162  32:32  Hydralisk x2  
  162  32:33  Hydralisk x24  
  161  32:57  Hydralisk x2  
  161  32:58  Hydralisk x10  
  60  34:04  Hydralisk  
  60  34:05  Hydralisk x13  
Tags
 
Add a new tag
Caveats
  • Supply blocks, unpowered buildings, or Contaminate may cause inaccurate times.
  • Supply counts are checked every 10 seconds.